 Dungeon Crawl Stone Soup version 0.19-a0-347-g6bb00b2 (webtiles) character file.

133 mistymad the Vexing (level 4, -8/32 HPs)
             Began as a Vampire Enchanter on May 29, 2016.
             Mangled by an orc warrior
             ... wielding a cursed -3 hand axe
              (14 damage)
             ... on level 3 of the Dungeon.
             The game lasted 00:07:57 (3108 turns).

mistymad the Vexing (Vampire Enchanter)             Turns: 3108, Time: 00:07:58

Health: -8/32      AC:  4    Str:  7    XL:     4   Next: 94%
Magic:  1/8        EV: 13    Int: 17    God:
Gold:   155        SH:  0    Dex: 15    Spells: 3 memorised, 2 levels left

rFire  . . .     SeeInvis +     l - -3 dagger
rCold  + + .     Gourm    .     b - +1 robe
rNeg   + + +     Faith    .     (no shield)
rPois  +         Spirit   .     h - +0 helmet
rElec  .         Dismiss  .     (no cloak)
rCorr  .         Reflect  .     (no gloves)
SustAt .         Harm     .     (no boots)
MR     .....                    (no amulet)
Stlth  +++.......               (no ring)
                                (no ring)

@: regenerating slowly, not resistant to hostile enchantments, fairly stealthy
A: fangs 3, see invisible, unbreathing
a: Bat Form


You were on level 3 of the Dungeon.
You were near bloodless.

You visited 1 branch of the dungeon, and saw 3 of its levels.

You collected 155 gold pieces.

Inventory:

Hand Weapons
 a - a +1 dagger
 g - a cursed -2 dagger
 l - a -3 dagger (weapon)
Missiles
 j - a throwing net (quivered)
Armour
 b - a +1 robe (worn)
 h - a +0 helmet (worn)
Scrolls
 e - 2 scrolls of identify
 m - a scroll of immolation
 n - 2 scrolls of teleportation
 o - a scroll of random uselessness {unknown}
Potions
 d - 11 potions of blood
 f - 2 potions of invisibility {unknown}
 i - 2 potions of lignification {unknown}
 k - a potion of curing {unknown}
Books
 c - a book of Maledictions

   Spells                             Type                      Level
   a - Corona                         Hexes                        1
   b - Ensorcelled Hibernation        Hexes/Ice                    2
   c - Confuse                        Hexes                        3
   d - Tukima's Dance                 Hexes                        3
   e - Dazzling Spray                 Conjuration/Hexes            3


   Skills:
 + Level 1.2 Fighting
 + Level 2.4 Short Blades
 + Level 2.9 Dodging
 + Level 5.1 Stealth
 + Level 2.9 Spellcasting
 + Level 5.1 Hexes


You had 2 spell levels left.
You knew the following spells:

 Your Spells              Type           Power        Failure   Level  Hunger
a - Corona                Hex            ###....      2%          1    None
b - Ensorcelled Hibernat  Hex/Ice        ##....       12%         2    ##.....
c - Confuse               Hex            ###.....     10%         3    ###....


Dungeon Overview and Level Annotations

Branches:
Dungeon (3/15)

Altars:
Fedhas
Vehumet
Zin
The Shining One


Innate Abilities, Weirdness & Mutations

You heal slowly.
You have razor-sharp teeth.
You have supernaturally acute eyesight. (SInv)
You can survive without breathing.


Message History

You take 2 damage, and have 18/32 hp.
You now have 0/8 mp.
The orc wizard mumbles some strange words.
The orc wizard seems to speed up.
The orc warrior barely misses you.
You hit the orc warrior.
You bite the orc warrior, but do no damage.
The orc warrior is lightly wounded.
The orc warrior hits you with a hand axe.
You take 3 damage, and have 15/32 hp.
You closely miss the orc warrior.
The orc warrior is lightly wounded.
You closely miss the orc warrior.
The orc warrior is lightly wounded.
The orc warrior hits you with a hand axe!
* * * LOW HITPOINT WARNING * * *
You take 9 damage, and have 6/32 hp.
MASSIVE DAMAGE!!
You barely miss the orc warrior.
The orc warrior is lightly wounded.
The orc warrior hits you with a hand axe!
You die...

...#.##.#.#.##
...........#
.#.##.#[#.##
.#.##.#.#.##
...........#
.#.##.#.#### #
#.#.#
#o#.#.##.#.####
.......†...oo@#
.[.......#.####
#.#...%......
..............#
#.#.####.#.####
# #. #.#.# #
#.#.# #.#.#


You could see an orc warrior and an orc wizard.

Vanquished Creatures
  An orc wizard (D:3)
  6 adders (D:2)
  2 worms
  4 dart slugs
  A giant gecko (D:1)
  2 bats
  A giant cockroach (D:1)
  4 goblins (D:1)
  7 hobgoblins
  6 kobolds
  A quokka (D:3)
  A giant newt (D:1)
  9 rats
45 creatures vanquished.

Notes
Turn   | Place    | Note
--------------------------------------------------------------
     0 | D:1      | mistymad the Vampire Enchanter began the quest for the Orb.
     0 | D:1      | Reached XP level 1. HP: 13/13 MP: 3/3
   362 | D:1      | Reached XP level 2. HP: 19/19 MP: 5/5
   478 | D:1      | Learned a level 2 spell: Ensorcelled Hibernation
  1734 | D:2      | Reached XP level 3. HP: 24/25 MP: 1/6
  1973 | D:2      | Reached skill level 1 in Fighting
  2170 | D:2      | Found a radiant altar of Vehumet.
  2458 | D:2      | Reached XP level 4. HP: 32/32 MP: 4/8
  2540 | D:2      | Reached skill level 5 in Hexes
  2543 | D:2      | Found a glowing silver altar of Zin.
  2642 | D:2      | Learned a level 3 spell: Confuse
  2855 | D:2      | Found a glowing golden altar of the Shining One.
  2927 | D:3      | Noticed an orc warrior
  2953 | D:3      | Reached skill level 5 in Stealth
  3039 | D:3      | Found a blossoming altar of Fedhas.
  3108 | D:3      | Mangled by an orc warrior

Vault maps used:
D:1:      dpeg_arrival_tiny_a, minmay_box_of_dots
D:2:      lemuel_crystal_altar, marbit_many_paths, tso_altar, first_bread
D:3:      lemuel_crystal_altar, minivault_4

Skill      XL: |  1  2  3  4 |
---------------+-------------+-----
Fighting       | 1 |  1.2
Short Blades   | 2 |  2.4
Hexes          | 5 |  5.1
Stealth        | 5 |  5.1
Dodging        | |  2.9
Spellcasting   | |  2.9

Action                   |  1- 3 |  4- 6 || total
-------------------------+-------+-------++-------
Melee: Dagger            |   104 |    72 ||   176
       Bite              |     2 |     7 ||     9
 Cast: Ensorcelled Hiber |    10 |    12 ||    22
       Corona            |     4 |     3 ||     7
       Confuse           |       |     5 ||     5
  Use: Potion            |     1 |       ||     1
       Scroll            |     5 |       ||     5
 Stab: Sleeping          |    15 |     6 ||    21
       Confused          |       |     3 ||     3
Armor: Robe              |    26 |     6 ||    32
Dodge: Dodged            |    42 |    50 ||    92
